[ AOE2 MATCH · #507165050 ]
UnrankedCelts vs Italians
Player's team · WIN
Rival team · LOSS
[ REPLAY ANALYSIS · EXTRACTED FROM THE RECORDED GAME ]
Feudal
10:31
Castle
20:53
Imperial
35:29
| APM avg | 43.1 |
| APM peak | 85 |
| eAPM avg | 23.5 |
| Villagers / military | 161 / 106 |
Focus
⚔️ 30.7% · 🌾 69.3%
Woad Raider ×83 · Archer ×8 · Militia ×8 · Scorpion ×5 · Monk ×1 · Mangonel ×1
Feudal
9:16
Castle
19:06
Imperial
33:42
| APM avg | 55.5 |
| APM peak | 103 |
| eAPM avg | 25.8 |
| Villagers / military | 117 / 108 |
Focus
⚔️ 31.9% · 🌾 68.1%
Archer ×53 · Hand Cannoneer ×34 · Monk ×5 · Skirmisher ×5 · Mangonel ×2 · Bombard Cannon ×2
Match map
Initial resources + every placement click. Lines = walls · curves = elevation contours. ◆ gold · ⬟ stone · ● berries · ✦ relic · ◌ wall gap
Your base· ✓ Closed at 20:53 · 30t walls · no gate
Multimorbid's base· Open — opponent sealed themselves in
Smoothed initial terrain · ◌ = detected wall gap · hover for details
Inputs per minute
— [CL] castiii - - Multimorbid
Build order — [CL] castiii
First 150 of 475 actions detected
| 0:01 | Queue | Villager (Male) |
| 0:01 | Queue | Villager (Male) |
| 0:01 | Queue | Villager (Male) |
| 0:02 | Build | House |
| 0:04 | Build | House |
| 0:18 | Queue | Villager (Male) |
| 0:18 | Queue | Villager (Male) |
| 1:31 | Queue | Villager (Male) |
| 1:31 | Queue | Villager (Male) |
| 1:45 | Queue | Villager (Male) |
| 2:27 | Build | Lumber Camp |
| 2:30 | Queue | Villager (Male) |
| 2:30 | Queue | Villager (Male) |
| 2:30 | Queue | Villager (Male) |
| 2:51 | Queue | Villager (Male) |
| 2:51 | Queue | Villager (Male) |
| 3:15 | Queue | Villager (Male) |
| 3:15 | Queue | Villager (Male) |
| 3:24 | Build | House |
| 3:30 | Queue | Villager (Male) |
| 3:56 | Queue | Villager (Male) |
| 3:56 | Queue | Villager (Male) |
| 4:26 | Queue | Villager (Male) |
| 4:55 | Queue | Villager (Male) |
| 5:04 | Build | Barracks |
| 5:16 | Queue | Villager (Male) |
| 5:17 | Queue | Villager (Male) |
| 5:24 | Build | House |
| 5:37 | Queue | Villager (Male) |
| 6:12 | Queue | Villager (Male) |
| 6:27 | Queue | Militia |
| 6:27 | Queue | Militia |
| 6:36 | Build | Mining Camp |
| 6:50 | Queue | Villager (Male) |
| 6:53 | Queue | Villager (Male) |
| 6:54 | Research | Loom |
| 7:21 | Build | Mill |
| 7:58 | Research | Feudal Age |
| 8:10 | Build | House |
| 8:26 | Queue | Militia |
| 8:31 | Build | House |
| 8:57 | Queue | Militia |
| 9:11 | Queue | Militia |
| 9:13 | Build | House |
| 9:44 | Build | Palisade Wall |
| 9:48 | Build | Palisade Wall |
| 9:51 | Build | Palisade Wall |
| 10:08 | Build | House |
| 10:09 | Build | Palisade Wall |
| 10:16 | Build | Farm |
| 10:26 | Build | Palisade Wall |
| 10:31 | Age | Feudal Age |
| 10:35 | Build | Archery Range |
| 10:36 | Research | Man-at-Arms (upgrade) |
| 10:37 | Queue | Villager (Male) |
| 10:43 | Queue | Villager (Male) |
| 10:44 | Research | Double-Bit Axe |
| 10:47 | Build | House |
| 10:49 | Build | Palisade Wall |
| 10:55 | Research | Horse Collar |
| 11:10 | Build | House |
| 11:18 | Queue | Villager (Male) |
| 11:33 | Queue | Archer |
| 11:33 | Queue | Archer |
| 11:38 | Queue | Villager (Male) |
| 11:59 | Queue | Villager (Male) |
| 12:14 | Queue | Villager (Male) |
| 12:23 | Queue | Archer |
| 12:34 | Queue | Villager (Male) |
| 12:40 | Build | Farm |
| 12:42 | Build | Farm |
| 12:44 | Build | Farm |
| 12:46 | Build | Farm |
| 12:48 | Build | Farm |
| 12:53 | Queue | Villager (Male) |
| 12:55 | Queue | Archer |
| 13:07 | Queue | Militia |
| 13:08 | Queue | Militia |
| 13:15 | Build | Blacksmith |
| 13:28 | Queue | Villager (Male) |
| 13:30 | Queue | Militia |
| 13:37 | Build | House |
| 13:41 | Build | Farm |
| 13:46 | Build | Farm |
| 14:01 | Queue | Villager (Male) |
| 14:03 | Research | Arson |
| 14:12 | Research | Scale Mail Armor |
| 14:13 | Queue | Villager (Male) |
| 14:31 | Build | Farm |
| 14:33 | Build | Farm |
| 14:35 | Build | Farm |
| 14:36 | Queue | Villager (Male) |
| 14:42 | Build | Farm |
| 14:54 | Queue | Villager (Male) |
| 15:06 | Queue | Villager (Male) |
| 15:08 | Queue | Archer |
| 15:09 | Queue | Archer |
| 15:19 | Build | Farm |
| 15:24 | Build | Farm |
| 15:42 | Queue | Villager (Male) |
| 16:06 | Queue | Villager (Male) |
| 16:10 | Build | Farm |
| 16:12 | Build | Farm |
| 16:22 | Queue | Villager (Male) |
| 17:10 | Queue | Villager (Male) |
| 17:14 | Build | Farm |
| 17:14 | Build | Farm |
| 17:14 | Build | Farm |
| 17:15 | Build | Farm |
| 17:15 | Build | Farm |
| 17:15 | Build | Farm |
| 17:15 | Build | Farm |
| 17:16 | Build | Farm |
| 17:48 | Queue | Villager (Male) |
| 17:52 | Build | Lumber Camp |
| 18:03 | Build | Mining Camp |
| 18:09 | Research | Castle Age |
| 18:09 | Research | Castle Age |
| 18:21 | Queue | Archer |
| 18:21 | Queue | Archer |
| 18:42 | Research | Stone Mining |
| 18:45 | Research | Gold Mining |
| 18:45 | Research | Gold Mining |
| 19:22 | Build | House |
| 19:24 | Build | House |
| 19:43 | Build | House |
| 19:44 | Build | House |
| 19:49 | Build | House |
| 19:50 | Build | House |
| 19:58 | Queue | Villager (Male) |
| 19:58 | Queue | Villager (Male) |
| 20:51 | Build | House |
| 20:51 | Build | House |
| 20:51 | Build | House |
| 20:53 | Age | Castle Age |
| 20:57 | Build | Town Center |
| 21:15 | Queue | Villager (Male) |
| 21:21 | Queue | Villager (Male) |
| 21:45 | Queue | Villager (Male) |
| 21:50 | Build | House |
| 21:58 | Research | Town Watch |
| 21:58 | Research | Wheelbarrow |
| 21:59 | Queue | Villager (Male) |
| 22:10 | Research | Fletching |
| 22:15 | Build | Siege Workshop |
| 22:17 | Queue | Villager (Male) |
| 22:20 | Queue | Villager (Male) |
| 22:34 | Build | House |
| 22:38 | Queue | Villager (Male) |
| 22:40 | Build | Farm |
Build order — Multimorbid
First 150 of 371 actions detected
| 0:00 | Queue | Villager (Male) |
| 0:01 | Queue | Villager (Male) |
| 0:02 | Build | House |
| 0:02 | Build | House |
| 0:05 | Queue | Villager (Male) |
| 0:05 | Queue | Villager (Male) |
| 0:05 | Queue | Villager (Male) |
| 1:24 | Queue | Villager (Male) |
| 1:24 | Queue | Villager (Male) |
| 1:50 | Queue | Villager (Male) |
| 1:59 | Build | Lumber Camp |
| 2:24 | Queue | Villager (Male) |
| 2:45 | Queue | Villager (Male) |
| 3:11 | Queue | Villager (Male) |
| 3:35 | Queue | Villager (Male) |
| 3:50 | Build | House |
| 3:51 | Build | House |
| 3:58 | Queue | Villager (Male) |
| 4:18 | Queue | Villager (Male) |
| 4:35 | Build | Mill |
| 4:51 | Build | Palisade Wall |
| 4:54 | Queue | Villager (Male) |
| 5:20 | Queue | Villager (Male) |
| 5:48 | Queue | Villager (Male) |
| 6:15 | Queue | Villager (Male) |
| 6:17 | Research | Loom |
| 6:53 | Build | Lumber Camp |
| 7:04 | Research | Feudal Age |
| 8:16 | Build | Barracks |
| 9:14 | Queue | Villager (Male) |
| 9:16 | Age | Feudal Age |
| 9:17 | Queue | Spearman |
| 9:42 | Queue | Villager (Male) |
| 9:52 | Build | Archery Range |
| 10:03 | Queue | Villager (Male) |
| 10:06 | Research | Double-Bit Axe |
| 10:06 | Research | Double-Bit Axe |
| 10:09 | Research | Horse Collar |
| 10:09 | Research | Horse Collar |
| 10:21 | Build | House |
| 10:30 | Queue | Villager (Male) |
| 10:47 | Queue | Skirmisher |
| 10:52 | Build | House |
| 10:59 | Queue | Villager (Male) |
| 11:10 | Queue | Skirmisher |
| 11:14 | Build | House |
| 11:20 | Queue | Villager (Male) |
| 11:26 | Build | Mining Camp |
| 11:32 | Queue | Villager (Male) |
| 11:35 | Build | Palisade Wall |
| 11:41 | Build | House |
| 11:43 | Build | House |
| 11:45 | Build | Palisade Wall |
| 11:48 | Build | Palisade Wall |
| 11:49 | Build | Palisade Wall |
| 11:56 | Queue | Villager (Male) |
| 12:05 | Build | Palisade Wall |
| 12:12 | Build | Palisade Wall |
| 12:15 | Queue | Villager (Male) |
| 12:20 | Queue | Skirmisher |
| 12:20 | Queue | Skirmisher |
| 12:22 | Queue | Archer |
| 12:32 | Build | Farm |
| 12:33 | Queue | Villager (Male) |
| 12:52 | Build | House |
| 12:55 | Build | House |
| 13:08 | Build | Farm |
| 13:18 | Queue | Villager (Male) |
| 13:27 | Queue | Archer |
| 13:33 | Queue | Villager (Male) |
| 13:51 | Build | Blacksmith |
| 13:54 | Build | Palisade Wall |
| 14:00 | Queue | Villager (Male) |
| 14:08 | Queue | Archer |
| 14:17 | Build | Farm |
| 14:23 | Queue | Archer |
| 14:32 | Build | Farm |
| 14:45 | Queue | Villager (Male) |
| 14:47 | Queue | Villager (Male) |
| 14:49 | Build | Farm |
| 14:56 | Build | Farm |
| 15:03 | Build | Farm |
| 15:04 | Queue | Villager (Male) |
| 15:20 | Build | Farm |
| 15:31 | Build | Farm |
| 15:36 | Queue | Villager (Male) |
| 15:43 | Queue | Skirmisher |
| 16:07 | Queue | Villager (Male) |
| 16:22 | Build | Farm |
| 16:26 | Research | Castle Age |
| 16:26 | Research | Castle Age |
| 16:40 | Queue | Archer |
| 16:40 | Queue | Archer |
| 17:00 | Queue | Villager (Male) |
| 17:03 | Queue | Archer |
| 17:19 | Queue | Villager (Male) |
| 17:20 | Build | Palisade Wall |
| 17:26 | Queue | Archer |
| 17:41 | Queue | Villager (Male) |
| 17:43 | Queue | Villager (Male) |
| 17:45 | Queue | Archer |
| 17:45 | Queue | Archer |
| 18:02 | Build | House |
| 18:17 | Queue | Archer |
| 18:21 | Build | Archery Range |
| 18:26 | Queue | Archer |
| 18:26 | Queue | Archer |
| 18:30 | Build | House |
| 18:32 | Build | Farm |
| 18:43 | Queue | Archer |
| 19:06 | Age | Castle Age |
| 19:13 | Research | Fletching |
| 19:20 | Research | Crossbowman (upgrade) |
| 19:20 | Research | Crossbowman (upgrade) |
| 19:22 | Build | House |
| 19:22 | Queue | Villager (Male) |
| 19:26 | Build | Town Center |
| 19:31 | Queue | Archer |
| 19:32 | Queue | Archer |
| 19:40 | Build | Palisade Gate |
| 19:46 | Build | Palisade Gate |
| 19:49 | Queue | Villager (Male) |
| 19:50 | Queue | Archer |
| 19:51 | Queue | Archer |
| 19:52 | Build | House |
| 20:07 | Queue | Villager (Male) |
| 20:09 | Build | House |
| 20:11 | Build | Palisade Wall |
| 20:15 | Build | House |
| 20:24 | Queue | Villager (Male) |
| 20:34 | Build | Town Center |
| 20:51 | Research | Bow Saw |
| 21:04 | Research | Bodkin Arrow |
| 21:04 | Research | Bodkin Arrow |
| 21:20 | Queue | Villager (Male) |
| 21:20 | Queue | Villager (Male) |
| 21:23 | Build | Farm |
| 21:38 | Queue | Villager (Male) |
| 21:38 | Queue | Villager (Male) |
| 21:40 | Build | Farm |
| 22:05 | Queue | Villager (Male) |
| 22:13 | Queue | Villager (Male) |
| 22:18 | Build | Outpost |
| 22:22 | Build | Farm |
| 22:23 | Build | Farm |
| 22:23 | Build | Farm |
| 22:24 | Build | Farm |
| 22:25 | Queue | Villager (Male) |
| 22:25 | Queue | Villager (Male) |
| 22:39 | Queue | Villager (Male) |
Match timeline
| 4:51 | Multimorbid · wall_segment Palisade Wall x5 |
| 5:04 | [CL] castiii · first_building Barracks |
| 8:16 | Multimorbid · first_building Barracks |
| 9:16 | Multimorbid · age_up feudal |
| 9:44 | [CL] castiii · wall_segment Palisade Wall x3 |
| 9:48 | [CL] castiii · wall_segment Palisade Wall x6 |
| 9:51 | [CL] castiii · wall_segment Palisade Wall x9 |
| 9:52 | Multimorbid · first_building Archery Range |
| 10:09 | [CL] castiii · wall_segment Palisade Wall x4 |
| 10:26 | [CL] castiii · wall_segment Palisade Wall x7 |
| 10:31 | [CL] castiii · age_up feudal |
| 10:35 | [CL] castiii · first_building Archery Range |
| 10:49 | [CL] castiii · wall_segment Palisade Wall x1 |
| 11:35 | Multimorbid · wall_segment Palisade Wall x1 |
| 11:45 | Multimorbid · wall_segment Palisade Wall x1 |
| 11:48 | Multimorbid · wall_segment Palisade Wall x1 |
| 11:49 | Multimorbid · wall_segment Palisade Wall x1 |
| 12:05 | Multimorbid · wall_segment Palisade Wall x1 |
| 12:12 | Multimorbid · wall_segment Palisade Wall x1 |
| 13:54 | Multimorbid · wall_segment Palisade Wall x1 |
| 17:20 | Multimorbid · wall_segment Palisade Wall x1 |
| 19:06 | Multimorbid · age_up castle |
| 20:11 | Multimorbid · wall_segment Palisade Wall x1 |
| 20:53 | [CL] castiii · age_up castle |
| 22:15 | [CL] castiii · first_building Siege Workshop |
| 23:23 | Multimorbid · first_building Monastery |
| 24:51 | Multimorbid · first_building Siege Workshop |
| 25:27 | [CL] castiii · first_building Castle |
| 26:34 | Multimorbid · first_building Stable |
| 28:40 | Multimorbid · first_building Castle |
| 30:06 | [CL] castiii · first_building Monastery |
| 31:35 | Multimorbid · wall_segment Palisade Wall x1 |
| 33:42 | Multimorbid · age_up imperial |
| 35:29 | [CL] castiii · age_up imperial |
| 35:34 | [CL] castiii · first_market_sell 500 wood |
| 37:17 | Multimorbid · first_market_buy 100 food |
| 38:18 | Multimorbid · wall_segment Palisade Wall x1 |
| 41:07 | Multimorbid · resign |
[ AI ANALYSIS · 1 CREDIT ]
What really happened in this match?
Wolo.gg analyzes every decision: build order, eco, micro, common mistakes by bracket. Personalized analysis on WhatsApp or Discord in 30 seconds.
Civ guide
Celts
Perfil
[CL] castiii